 Dungeon Crawl Stone Soup version 0.31.0-32-g396128a36d (webtiles) character file.

Game seed: 1216177278271812295

524 ChadusMaximus the Summoner (level 7, 0/54 HPs)
             Began as a Barachi Summoner on Mar 8, 2024.
             Incinerated by a bombardier beetle (4 damage)
             ... with a burning spray
             ... on level 5 of the Dungeon.
             The game lasted 00:04:32 (5035 turns).

ChadusMaximus the Summoner (Barachi Summoner)       Turns: 5035, Time: 00:04:32

Health: 0/54       AC:  5    Str: 10    XL:     7   Next: 22%
Magic:  7/13       EV: 12    Int: 17    God:
Gold:   128        SH:  0    Dex: 12    Spells: 8/14 levels left

rFire   . . .        p - +3 dagger
rCold   . . .        (no shield)
rNeg    . . .        a - +0 robe
rPois   .            q - +0 helmet
rElec   .            (no cloak)
rCorr   .            s - +0 pair of gloves
SInv    .            r - +0 pair of boots
Will    +....        (no amulet)
Stlth   +            (no ring)
HPRegen 0.29/turn    (no ring)
MPRegen 0.13/turn

%: no passive effects
@: on fire, unable to hop, enlightened, flying, glowing, inugami summoned, slow
A: amphibious, slowness 1, strong legs 1, +LOS
a: Hop


You were on level 5 of the Dungeon.
You visited 1 branch of the dungeon, and saw 5 of its levels.

You collected 128 gold pieces.

Inventory:

Hand Weapons
 f - a +0 dagger
 p - a +3 dagger (weapon)
Armour
 a - a +0 robe (worn)
 q - a +0 helmet (worn)
 r - a +0 pair of boots (worn)
 s - a +0 pair of gloves (worn)
Jewellery
 t - a +6 ring of dexterity
Scrolls
 c - 2 scrolls of fear {unknown}
 d - 3 scrolls of teleportation {unknown}
 i - 2 scrolls of identify {unknown}
 j - 2 scrolls of noise {unknown}
 l - a scroll of blinking {unknown}
 n - a scroll of poison {unknown}
 u - a scroll of amnesia {unknown}
 v - a scroll of enchant weapon {unknown}
Potions
 b - 2 potions of magic
 g - a potion of attraction {unknown}
 h - a potion of degeneration {unknown}
 k - a potion of invisibility {unknown}
 m - a potion of berserk rage {unknown}
 o - 2 potions of enlightenment


   Skills:
 + Level 4.1 Fighting
 - Level 2.1 Dodging
 - Level 1.7 Stealth
 + Level 4.2 Spellcasting
 * Level 8.0 Summonings


You had 8 spell levels left.
You knew the following spells:

 Your Spells              Type           Power      Damage    Failure   Level
a - Summon Small Mammal   Summ           100%       N/A       1%          1
b - Call Canine Familiar  Summ           30%        N/A       1%          3
c - Call Imp              Summ           60%        N/A       1%          2

Your spell library contained the following spells:

 Spells                   Type           Power      Damage    Failure   Level
 Summon Ice Beast         Ice/Summ       17%        N/A       9%          3
 Summon Blazeheart Golem  Fire/Summ      17%        N/A       30%         4
 Summon Lightning Spire   Summ/Air       17%        N/A       30%         4
 Hailstorm                Conj/Ice       3%         3d5       43%         3
 Sculpt Simulacrum        Ice/Alch       1%         N/A       100%        6


Dungeon Overview and Level Annotations

Branches:
Dungeon (5/15)             Temple (0/1) D:5

Altars:


Innate Abilities, Weirdness & Mutations

You are amphibious.
You cover ground slowly.
You can hop short distances.
You have an extended range of vision and can be seen from far away.


Message History

* * * LOW HITPOINT WARNING * * *
You are poisoned.
The adder poisons you!
Your cerulean imp hits the bombardier beetle with a -1 spear.
The bombardier beetle dies!
Your Summonings skill increases to level 8!
Unknown command.
Hop to where?
Press: ? - help, Dir - move target, f - inugami
Aim: an inugami (summoned, friendly)
You can't hop onto your inugami!
Hop to where?
Press: ? - help, Dir - move target, f - quokka, p - inugami
Aim: a quokka (summoned, friendly)
You can't hop onto your quokka!
Hop to where?
Press: ? - help, Dir - move target, p - quokka Boing!
You shake off some of the fire as you move.
The liquid fire burns you!
* * * LOW HITPOINT WARNING * * *
You feel sick.
Unknown command.
You swap places.
You shake off some of the fire as you move.
The liquid fire burns you!
* * * LOW HITPOINT WARNING * * *
x2 You feel sick.
The adder bites your quokka but does no damage.
Your quokka misses the adder. The adder misses your quokka.
You feel better. The liquid fire burns you!
* * * LOW HITPOINT WARNING * * *
The adder bites your quokka.
Your quokka misses the adder.
Unknown command.
It was a potion of enlightenment.
You feel very buoyant.
You fly up into the air.
The liquid fire burns you!
You die...

## ### ##..
..## #..# #..#
##..# #..# .
...# #..#
.....# #..#
#..#####..##
#h5........#
#@####.##..#
#r####.##..#
#S.........#
#...#####.###.#
# #### #....#
#.# #8. ...
####.###.# #.S.
.⌠. #........#
#..>.....
####.##..#
#....⌠.⌠
#.##..#


You could see an adder (ally target), a friendly cerulean imp (summoned), a
friendly quokka (summoned) and a friendly inugami (summoned).

Vanquished Creatures
  A gnoll (D:4)
  An adder (D:3)
  5 dart slugs (D:1)
  An orc (D:4)
  5 ball pythons
  8 endoplasms
  A giant cockroach (D:4)
  6 goblins
  A hobgoblin (D:4)
  2 jackals (D:1)
  3 kobolds
  A quokka (D:1)
  2 bats
  2 frilled lizards
  4 rats
43 creatures vanquished.

Vanquished Creatures (collateral kills)
  A phantom (D:4)
  A scorpion (D:3)
  2 bombardier beetles
  A hound (D:4)
  A sleepcap (D:4)
  An iguana (D:4)
  2 orc wizards (D:4)
  2 gnolls (D:4)
  4 adders
  A ribbon worm (D:2)
  3 orcs (D:4)
  2 bats
  4 endoplasms
  2 giant cockroaches
  2 hobgoblins
  4 jackals
  7 kobolds
  3 quokkas
  7 ball pythons
  A frilled lizard (D:1)
  5 goblins
  A rat (D:2)
57 creatures vanquished.

Grand Total: 100 creatures vanquished

Notes
Turn   | Place    | Note
-------+----------+-------------------------------------------
     0 | D:1      | ChadusMaximus the Barachi Summoner began the quest for the
                  | Orb.
     0 | D:1      | Reached XP level 1. HP: 13/13 MP: 3/3
   146 | D:1      | Reached skill level 5 in Summonings
   152 | D:1      | Reached XP level 2. HP: 19/20 MP: 5/5
   195 | D:1      | Reached skill level 1 in Fighting
   384 | D:1      | Reached XP level 3. HP: 24/26 MP: 6/6
   936 | D:1      | Learned a level 3 spell: Call Canine Familiar
   939 | D:1      | Learned a level 2 spell: Call Imp
  1476 | D:2      | Reached XP level 4. HP: 26/33 MP: 4/8
  1581 | D:2      | Found a faded altar of an unknown god.
  2236 | D:3      | Noticed a scorpion
  2245 | D:3      | Reached skill level 6 in Summonings
  2255 | D:3      | Killed a scorpion
  2256 | D:3      | Reached XP level 5. HP: 35/39 MP: 3/9
  2867 | D:4      | Noticed a phantom
  2880 | D:4      | Killed a phantom
  2881 | D:4      | Reached skill level 7 in Summonings
  2881 | D:4      | Reached XP level 6. HP: 32/47 MP: 4/11
  3893 | D:4      | Reached XP level 7. HP: 11/53 MP: 7/13
  4893 | D:5      | Entered Level 5 of the Dungeon
  4969 | D:5      | Found a staircase to the Ecumenical Temple.
  5032 | D:5      | Reached skill level 8 in Summonings
  5033 | D:5      | HP: 2/54 [poisoned by an adder]
  5035 | D:5      | Incinerated by a bombardier beetle

Illustrated notes

Levels and vault maps discovered:
D:1:      roderic_chinese_lattice_arrival, layout_loops_ring,
          minmay_misc_feat_enclosed
D:2:      layout_rooms, shapermc_ecumenical_altar_totnotflames
D:3:      layout_rooms
D:4:      layout_cave_pods, grunt_decor_clamped, minmay_quadrilaterals
D:5:      kennysheep_windowed_halls, layout_loops_ring, kennysheep_mini,
          minmay_temple_entry_from_below_b, dreamdust_gnoll_farm

Skill      XL: |  1  2  3  4  5  6  7 |
---------------+----------------------+-----
Summonings     | 5 6 7 8 |  8.0
Fighting       | 1 2 3 4 |  4.1
Spellcasting   | 3 4 |  4.2
Dodging        | |  2.1
Stealth        | |  1.7

Action                     |  1- 3 |  4- 6 |  7- 9 || total
---------------------------+-------+-------+-------++-------
  Melee: Dagger            |   104 |   116 |    10 ||   230
         Unarmed           |     3 |       |       ||     3
         Punch             |     2 |       |       ||     2
   Cast: Summon Small Mamm |    21 |    12 |     4 ||    37
         Call Imp          |     3 |    14 |     2 ||    19
         Call Canine Famil |     2 |    17 |     4 ||    23
Ability: Hop               |       |       |     1 ||     1
    Use: Potion            |       |     1 |     4 ||     5
   Stab: Sleeping          |     2 |     4 |       ||     6
         Distracted        |     1 |       |       ||     1
 Armour: Robe              |    80 |    79 |    15 ||   174
  Dodge: Dodged            |    89 |   106 |    12 ||   207
